 Dungeon Crawl Stone Soup version 0.18.1-50-g88ac8fd (webtiles) character file.

89 Fiskpinne the Covered (level 4, -5/39 HPs)
             Began as a Minotaur Fighter on Oct 2, 2016.
             Killed by nerve-wracking pain
             ... invoked by an orc priest
              (7 damage)
             ... on level 3 of the Dungeon.
             The game lasted 00:03:08 (1277 turns).

Fiskpinne the Covered (Minotaur Fighter)            Turns: 1277, Time: 00:03:08

Health: -5/39      AC:  7    Str: 21    XL:     4   Next: 31%
Magic:  3/3        EV:  7    Int:  5    God:
Gold:   77         SH:  9    Dex: 10    Spells: 0 memorised, 3 levels left

rFire  . . .     SeeInvis .     a - +0 flail
rCold  . . .     Gourm    .     b - +0 scale mail
rNeg   . . .     Faith    .     c - +0 shield
rPois  +         Spirit   .     (helmet restricted)
rElec  .         Dismiss  .     (no cloak)
rCorr  .         Reflect  .     (no gloves)
SustAt .         Harm     .     (no boots)
MR     .....                    (no amulet)
Stlth  ..........               r - ring of poison resistance
                                q - ring of flight

@: not resistant to hostile enchantments, extremely unstealthy
A: retaliatory headbutt, horns 2
a: Evoke Flight


You were on level 3 of the Dungeon.
You were not hungry.

You visited 1 branch of the dungeon, and saw 3 of its levels.

You collected 77 gold pieces.

Inventory:

Hand Weapons
 a - a +0 flail (weapon)
Missiles
 i - 117 stones (quivered)
Armour
 b - a +0 scale mail (worn)
 c - a +0 shield (worn)
Jewellery
 q - a ring of flight (left hand)
 r - a ring of poison resistance (right hand)
Wands
 n - a wand of iceblast (6/15)
Scrolls
 e - 4 scrolls of identify {unknown}
 j - 2 scrolls of random uselessness {unknown}
 l - 2 scrolls of amnesia {unknown}
Potions
 d - a potion of might
 g - a potion of brilliance {unknown}
 m - a potion of curing {unknown}
 o - a potion of agility {unknown}
 p - 2 potions of cancellation {unknown}
 t - a potion of degeneration {unknown}
Comestibles
 f - a bread ration
 h - a meat ration
 k - 2 fruits
 s - a royal jelly
 u - 2 chunks of flesh


   Skills:
 - Level 3.6 Fighting
 * Level 4.2 Maces & Flails
 + Level 4.6 Armour
 + Level 4.3 Shields


You had 3 spell levels left.
You didn't know any spells.

Dungeon Overview and Level Annotations

Branches:
Dungeon (3/15)

Altars:


Innate Abilities, Weirdness & Mutations

You reflexively headbutt those who attack you in melee.
You have a pair of horns on your head.


Message History

An orc comes into view. It is wielding a short sword.
You hit the orc priest.
The orc priest is almost dead.
You barely miss the orc priest.
The orc priest is almost dead.
You block the orc priest's attack.
You barely miss the orc priest.
The orc priest is almost dead.
The orc wizard barely misses you.
The orc priest hits you but does no damage.
You barely miss the orc priest.
The orc priest is almost dead.
The orc wizard points at you and mumbles some strange words.
The puff of flame hits you!
* * * LOW HITPOINT WARNING * * *
The orc priest hits you but does no damage.
The orc hits you but does no damage.
The orc priest calls down the wrath of Beogh upon you.
Pain shoots through your body!
You die...

##.######.#
.......##.########
##...............#
##...###########.#
#.....# #.#
##...## #.# ##.##
#.# #.# #.# #.#
#@# ##'##
#.ooo...# ##...##
#.#.###.# #.....##
#.#.# .......## .
..# ........# ..
.## ........+ .. .
........# #.. ..
<......##


You could see an orc priest, an orc wizard and an orc.

Vanquished Creatures
  3 adders
  A giant gecko (D:1)
  2 orcs (D:3)
  4 bats
  4 giant cockroaches
  8 hobgoblins
  6 jackals
  A ball python (D:2)
  3 giant newts (D:2)
  7 goblins
  8 kobolds
  9 rats
56 creatures vanquished.

Notes
Turn   | Place    | Note
--------------------------------------------------------------
     0 | D:1      | Fiskpinne the Minotaur Fighter began the quest for the Orb.
     0 | D:1      | Reached XP level 1. HP: 19/19 MP: 0/0
   110 | D:1      | Reached XP level 2. HP: 26/26 MP: 1/1
   536 | D:1      | Reached XP level 3. HP: 30/31 MP: 2/2
  1051 | D:2      | Reached XP level 4. HP: 39/39 MP: 3/3
  1277 | D:3      | Killed from afar by an orc priest

Skill      XL: |  1  2  3 |
---------------+----------+-----
Armour         | 4 |  4.6
Maces & Flails | 3 4 |  4.2
Shields        | 4 |  4.3
Fighting       | |  3.6

Action                   |  1- 3 |  4- 6 || total
-------------------------+-------+-------++-------
Melee: Flail             |   112 |    33 ||   145
       Headbutt          |    13 |     2 ||    15
  Eat: Chunk             |     1 |       ||     1
Armor: Scale mail        |    65 |    11 ||    76
Dodge: Dodged            |    46 |    11 ||    57
Block: Shield            |    68 |    16 ||    84
